 Dungeon Crawl Stone Soup version 0.30-a0-122-g2a1322497e (webtiles) character file.

Game seed: 1243257087728224754

23 Dreamer the Insei (level 3, -1/23 HPs)
             Began as an Octopode Transmuter on Sept 15, 2022.
             Slain by Sigmund
             ... wielding a +3 vampiric scythe
              (12 damage)
             ... on level 2 of the Dungeon.
             The game lasted 00:02:27 (1259 turns).

Dreamer the Insei (Octopode Transmuter)             Turns: 1259, Time: 00:02:28

Health: -1/23      AC:  1    Str:  9    XL:     3   Next: 0%
Magic:  6/6        EV: 13    Int: 17    God:
Gold:   79         SH:  0    Dex: 12    Spells: 5/6 levels left

rFire   . . .      SeeInvis .    b - +0 short sword
rCold   . . .      Faith    .    (no shield)
rNeg    . . .      Spirit   .    (helmet restricted)
rPois   .          Reflect  .    (no amulet)
rElec   .          Harm     .    (no ring)
rCorr   .          Rampage  .    (no ring)
Will    .....                    (no ring)
Stlth   ++........               (no ring)
HPRegen 0.07/turn                (no ring)
MPRegen 0.10/turn                (no ring)
                                 (no ring)
                                 (no ring)

@: confused
A: almost no armour, amphibious, 8 rings, camouflage 1, gelatinous body 1,
(nimble swimmer 1), tentacles
a: no special abilities


You were on level 2 of the Dungeon.
You visited 1 branch of the dungeon, and saw 2 of its levels.

You collected 79 gold pieces.

Inventory:

Hand Weapons
 b - a +0 short sword (weapon)
Scrolls
 c - a scroll of blinking {unknown}
 e - 2 scrolls of identify {unknown}
 f - a scroll of butterflies {unknown}
 g - a scroll of noise {unknown}
 h - a scroll of vulnerability {unknown}
 i - 2 scrolls of enchant armour {unknown}
Potions
 a - a potion of lignification
 d - a potion of haste {unknown}


   Skills:
 - Level 1.0 Fighting
 - Level 2.0 Dodging
 + Level 1.9 Stealth
 * Level 3.7 Unarmed Combat
 - Level 2.0 Spellcasting
 - Level 2.0 Transmutations


You had 5 spell levels left.
You knew the following spells:

 Your Spells              Type           Power      Damage    Failure   Level
a - Beastly Appendage     Tmut           16%        N/A       9%          1

Your spell library contained the following spells:

 Spells                   Type           Power      Damage    Failure   Level
 Wereblood                Tmut           8%         N/A       13%         2
 Spider Form              Tmut/Pois      5%         N/A       36%         3
 Portal Projectile        Hex/Tloc       2%         N/A       50%         3
 Tukima's Dance           Hex            1%         N/A       50%         3
 Ice Form                 Ice/Tmut       5%         N/A       77%         4
 Blade Hands              Tmut           4%         N/A       93%         5


Dungeon Overview and Level Annotations

Branches:
Dungeon (2/15)

Altars:

Annotations:
D:2 Sigmund


Innate Abilities, Weirdness & Mutations

You cannot wear most types of armour.
You are amphibious.
You can wear up to eight rings at the same time.
Your skin changes colour to match your surroundings (Stealth+).
Your rubbery body absorbs attacks. (AC +1, EV +1)
((You are camouflaged when in or above water. (Stealth+)))
You have tentacles for arms and can constrict up to eight enemies at once.


Message History

You swing at nothing.
You swing at nothing.
One of your tentacles grows a vicious spike.
Your transformation is almost over.
Magic restored.
A bat is nearby!
Your tentacle spike disappears.
You now have 73 gold pieces (gained 11).
HP restored.
You now have 79 gold pieces (gained 6).
A bat comes into view.
Sigmund the Dreaded comes into view.
He is wielding a +3 vampiric scythe.
Found a sling.
Sigmund shouts!
You closely miss the bat. Your grab misses the bat.
The bat barely misses you. x2
The bat hits you. The bat barely misses you. The bat closely misses you.
Sigmund points at you and mumbles some strange words.
You resist with significant effort. The bat barely misses you.
The bat misses you. Sigmund gestures at you while chanting.
The magic dart hits you! The bat misses you. The bat attacks as you move away!
The bat barely misses you. The bat hits you. The bat hits you.
The bat attacks as you move away! The bat hits you.
The bat hits you but does no damage. Sigmund misses you. The bat misses you.
The bat hits you. The bat closely misses you. Sigmund barely misses you.
The bat misses you. The bat hits you.
Sigmund points at you and mumbles some strange words.
You are confused.
You bump into the rock wall.
Sigmund looks at you with fury.
You bump into the rock wall.
Sigmund hits you from afar with a +3 vampiric scythe!
Ouch! That really hurt!
You die...

....#.##.......###.≈≈≈...#
.......#.#..##.##..≈.≈.#.#
.#.#.......#.......≈≈≈...#
# #.#.#.#.............#.#
.b...#.#...#.##.######.#
#....##.###....b......#.#
#.#.. ... #.#.#@#####.#.#
#.#.# #.# #.#.#.# #.#.# #
#. #.# #.#.#@# #.#.# #.
#.# #.#.#.# #.#.# ..#
#.#.#.#####.#.#
#.#.#.#.....#.#
#...#.#.#####.# #####.#.#
#.# #.#.#####.#
#.#.......# #.#########


You could see Sigmund and a bat.

Vanquished Creatures
  A dart slug (D:1)
  3 endoplasms (D:1)
  A giant cockroach (D:1)
  A goblin (D:1)
  3 hobgoblins
  5 kobolds (D:1)
  A quokka (D:1)
  2 bats (D:1)
  2 rats (D:1)
19 creatures vanquished.

Notes
Turn   | Place    | Note
-------+----------+-------------------------------------------
     0 | D:1      | Dreamer the Octopode Transmuter began the quest for the
                  | Orb.
     0 | D:1      | Reached XP level 1. HP: 13/13 MP: 3/3
    54 | D:1      | Reached skill level 1 in Stealth
    55 | D:1      | Reached XP level 2. HP: 9/18 MP: 5/5
  1084 | D:2      | Reached XP level 3. HP: 17/23 MP: 6/6
  1236 | D:2      | Noticed Sigmund
  1259 | D:2      | Slain by Sigmund

Illustrated notes

Levels and vault maps discovered:
D:1:      lightli_arrival_windingriver, layout_basic
D:2:      layout_basic, corexii_item_surrounded_by_moat,
          minmay_misc_feat_diagonals, nicolae_concentric_dashed_squares_wild,
          uniq_sigmund, uniq_natasha

Skill      XL: |  1 |
---------------+----+-----
Stealth        | 1 |  1.9
Fighting       | |  1.0
Dodging        | |  2.0
Unarmed Combat | |  3.7
Spellcasting   | |  2.0
Transmutations | |  2.0

Action                   || total
-------------------------++-------
Melee: Unarmed           ||     9
       Constrict         ||     9
       Tentacles         ||    10
       Short sword       ||    28
 Cast: Beastly Appendage ||     1
 Stab: Sleeping          ||     8
Armor: Skin              ||     3
Dodge: Dodged            ||    26

Table legend: (Time is in decaauts)
 A = Elapsed time spent in this place.
 B = Non-inter-level travel time spent in this place.
 C = Inter-level travel time spent in this place.
 D = Time resting spent in this place.
 E = Time spent auto-exploring this place.
 F = Levels seen in this place.
 G = Mean time per level.
                   A        B        C        D        E       F      G
               +--------+--------+--------+--------+--------+-----+--------+
         Total |   1257 |   1225 |     32 |    145 |    891 |   2 |  628.5 |
       Dungeon |   1257 |   1225 |     32 |    145 |    891 |   2 |  628.5 |
               +--------+--------+--------+--------+--------+-----+--------+

Top non-repeatable levels by time:
     D:1: 1044 daAuts
     D:2: 212 daAuts
